 Dungeon Crawl Stone Soup version 0.30-a0-39-g42789b21ef (webtiles) character file.

Game seed: 3729816918167492608

8420 nucleargodhead the Grappler (level 11, -1/178 HPs)
             Began as a Troll Berserker on Aug 28, 2022.
             Was an Elder of Trog.
             Slain by a gnoll
             ... wielding a +0 halberd
             ... led by a gnoll sergeant
              (4 damage)
             ... on level 9 of the Dungeon.
             The game lasted 00:12:54 (7481 turns).

nucleargodhead the Grappler (Troll Berserker)       Turns: 7481, Time: 00:12:55

Health: -1/178     AC:  6    Str: 31    XL:     11   Next: 9%
Magic:  19/19      EV: 10    Int:  3    God:    Trog [****..]
Gold:   570        SH:  0    Dex:  9    Spells: 10/10 levels left

rFire   + . .      SeeInvis .      - Unarmed
rCold   . . .      Faith    .    (no shield)
rNeg    . . .      Spirit   .    a - +0 animal skin
rPois   .          Reflect  .    (helmet restricted)
rElec   .          Harm     .    u - +1 cloak
rCorr   .          Rampage  .    (gloves unavailable)
Will    ++...                    (boots unavailable)
Stlth   ..........               J - amulet of regeneration
HPRegen 2.99/turn                m - ring of protection from fire
MPRegen 0.16/turn                p - ring of magical power

@: berserking (expiring), strong-willed, regenerating, very quick
A: large, unfitting armour, claws 3, regeneration 1, shaggy fur 1, tough skin 1
a: Renounce Religion, Berserk, Trog's Hand, Brothers in Arms


You were on level 9 of the Dungeon.
You worshipped Trog.
Trog was greatly pleased with you.
You visited 1 branch of the dungeon, and saw 9 of its levels.
You also visited: Sewer and Bailey.

You collected 592 gold pieces.
You spent 22 gold pieces at shops.

Inventory:

Hand Weapons
 A - the +10 hand axe "Wucalaxa" {freeze, rElec}
   (You found it on level 9 of the Dungeon)

   It freezes those it strikes, dealing additional cold damage.
   It can also slow down cold-blooded creatures.
   rElec:     It insulates you from electricity.
Missiles
 z - a throwing net (quivered)
Armour
 a - a +0 animal skin (worn)
 u - a +1 cloak (worn)
Jewellery
 m - a ring of protection from fire (left claw)
 p - a ring of magical power (right claw)
 q - an amulet of faith
 D - an amulet of reflection
 J - an amulet of regeneration (around neck)
Wands
 r - a wand of flame (1)
 B - a wand of mindburst (20)
 E - a wand of digging (4)
 F - a wand of light (3)
 G - a wand of iceblast (8)
 H - a wand of polymorph (17)
Scrolls
 h - a scroll of summoning
 i - 2 scrolls of identify
 k - 4 scrolls of enchant weapon
 l - 6 scrolls of teleportation
 n - 3 scrolls of immolation
 t - 6 scrolls of blinking
 y - 2 scrolls of noise
 C - 4 scrolls of enchant armour
Potions
 b - a potion of invisibility
 c - 3 potions of attraction
 d - a potion of resistance
 e - 4 potions of curing
 f - 3 potions of cancellation
 g - a potion of haste {unknown}
 j - 4 potions of heal wounds
 o - 2 potions of degeneration
 s - a potion of berserk rage {unknown}
 v - 4 potions of mutation {unknown}
 w - a potion of ambrosia {unknown}
 x - a potion of brilliance {unknown}
 I - 4 potions of might {unknown}
 K - a potion of experience


   Skills:
 + Level 10.6 Fighting
 - Level 2.4 Dodging
 + Level 12.5 Unarmed Combat


You had 10 spell levels left.
You didn't know any spells.
Your spell library was empty.

Dungeon Overview and Level Annotations

Branches:
Dungeon (9/15)             Temple (0/1) D:5             Orc (0/2) D:9
  Sewer (visited)          Bailey (visited)
   Lair: D:8-11

Altars:
Cheibriados
Fedhas
Kikubaaqudgha
Makhleb
Okawaru
Wu Jian

Shops:
D:1 *   D:8 :

Annotations:
D:4 2 transporters, xian's ghost, amateur DsFi


Innate Abilities, Weirdness & Mutations

You are too large for most types of armour.
You have claws for hands.
Your natural rate of healing is unusually fast.
You are covered in fur. (AC +1)
You have tough skin. (AC +1)


Message History

Beogh smites you! The gnoll closely misses you.
Things that are here:
a +0 flail; an orc corpse You scratch the gnoll sergeant.
The gnoll sergeant is moderately wounded.
The gnoll hits you with a +0 halberd!
* * * LOW HITPOINT WARNING * * *
The gnoll hits you from afar with a +0 halberd!
* * * LOW HITPOINT WARNING * * *
The gnoll sergeant hits you with a +2 vorpal spear!
* * * LOW HITPOINT WARNING * * *
x2 The gnoll closely misses you.
The orc priest calls down the wrath of Beogh upon you.
Beogh smites you!
* * * LOW HITPOINT WARNING * * *
You claw the gnoll!
You kill the gnoll!
Trog accepts your kill. The gnoll barely misses you.
The orc priest calls down the wrath of Beogh upon you.
Beogh smites you!
* * * LOW HITPOINT WARNING * * *
The gnoll barely misses you.
You see here a +0 halberd.
You barely miss the orc priest. You completely miss the orc priest.
Your claw misses the orc priest.
The gnoll hits you from afar with a +0 halberd!
* * * LOW HITPOINT WARNING * * *
The gnoll barely misses you.
The gnoll sergeant hits you but does no damage.
Something hits you.
* * * LOW HITPOINT WARNING * * *
The orc priest hits you with a +0 falchion.
* * * LOW HITPOINT WARNING * * *
Unknown command.
You mangle the gnoll sergeant!!
You kill the gnoll sergeant!
Trog accepts your kill.
The gnoll hits you from afar with a +0 halberd.
You die...

*,,,,,,,#.......#
*,,,,,,,#.......#
*,,,,,,,#..###..#
*,,,,,,,#..###..#
***,,,,,#.......#
*,,,,,#......>#
*,,,,,+).####.#
*,,,,,#)))....#
*,,,,,#@.g....#
*,,,,,#og.....#
*,,,,,#o......#
******#.......#
*******,,,........#
*,,,,,*,,,........#
*,,,,,*,,.........#
*,,,,,*,,.....#...#
*,,,,,*,,,,,,,*,,,*


You could see 2 orc priests and 2 gnolls.

Vanquished Creatures
  Gastronok (D:9)
  An orc warlord (Bailey)
  An orc knight (Bailey)
  Pikel (D:8)
  Joseph (D:8)
  A hornet (D:9)
  Sigmund (D:6)
  5 yaks (D:4)
  Menkaure (D:5)
  2 water moccasins
  An ice beast (D:7)
  4 orc warriors
  3 black bears
  3 centaurs
  2 lemures (D:8)
  4 kobold brigands
  2 phantoms
  2 bullfrogs (Sewer)
  Blork the orc (D:5)
  A gnoll sergeant (D:9)
  A scorpion (D:5)
  2 necrophages
  14 wights
  8 killer bees
  3 howler monkeys
  A gnoll bouda (D:4)
  2 jellies
  Crazy Yiuf (D:3)
  4 orc priests
  3 hounds
  Jessica (D:3)
  Ijyb (D:5)
  5 orc wizards
  Robin (D:3)
  6 adders
  8 gnolls
  A shadow imp (D:7)
  A white imp (D:6)
  An ufetubus (D:5)
  A worm (D:3)
  2 dart slugs (D:4)
  21 orcs
  2 bats
  14 endoplasms
  14 giant cockroaches
  17 goblins
  18 hobgoblins
  5 jackals (D:1)
  32 kobolds
  13 quokkas
  13 ball pythons
  10 frilled lizards (Sewer)
  2 rats
266 creatures vanquished.

Vanquished Creatures (collateral kills)
  A goblin (Bailey)
1 creature vanquished.

Vanquished Creatures (others)
  9 plants (D:4)
9 creatures vanquished.

Grand Total: 276 creatures vanquished

Notes
Turn   | Place    | Note
-------+----------+-------------------------------------------
     0 | D:1      | nucleargodhead the Troll Berserker began the quest for the
                  | Orb.
     0 | D:1      | Reached XP level 1. HP: 22/22 MP: 0/0
    82 | D:1      | Reached XP level 2. HP: 29/29 MP: 1/1
   477 | D:1      | Found Corph's General Store.
   483 | D:1      | Bought a scroll of identify for 22 gold pieces
   663 | D:1      | Reached XP level 3. HP: 37/37 MP: 2/2
   888 | D:2      | Identified the +4 leather armour of Paranoia {rN+ Will+
                  | Stlth-}
  1249 | D:3      | Noticed Jessica
  1251 | D:3      | Killed Jessica
  1251 | D:3      | Reached ** piety under Trog
  1252 | D:3      | Reached skill level 4 in Unarmed Combat
  1351 | D:3      | Reached XP level 4. HP: 42/45 MP: 3/3
  1448 | D:3      | Found a glowing drain.
  1464 | Sewer    | Entered a sewer
  1635 | Sewer    | Reached XP level 5. HP: 54/54 MP: 4/4
  1642 | Sewer    | Reached *** piety under Trog
  1699 | Sewer    | Reached skill level 5 in Unarmed Combat
  1699 | Sewer    | Reached XP level 6. HP: 63/63 MP: 5/5
  2009 | D:3      | Found a burning altar of Makhleb.
  2207 | D:3      | Found a runed translucent door.
  2208 | D:3      | Identified the +5 hammer "Lenlem" {drain, Fly Int+3}
  2208 | D:3      | Noticed Crazy Yiuf
  2228 | D:3      | Noticed Robin
  2252 | D:3      | Killed Robin
  2408 | D:3      | Killed Crazy Yiuf
  2646 | D:4      | Found an ancient bone altar of Kikubaaqudgha.
  2671 | D:4      | Found a snail-covered altar of Cheibriados.
  2717 | D:4      | Reached skill level 5 in Fighting
  2721 | D:4      | Reached skill level 6 in Unarmed Combat
  2721 | D:4      | Reached XP level 7. HP: 61/72 MP: 6/6
  2773 | D:4      | Reached **** piety under Trog
  2898 | D:4      | Found a transporter.
  2903 | D:4      | Noticed xian's ghost (amateur DsFi)
  2934 | D:4      | Found a transporter.
  2960 | D:4      | Noticed a yak
  2965 | D:4      | Noticed a yak
  2970 | D:4      | Noticed a yak
  2972 | D:4      | Killed a yak
  2974 | D:4      | Noticed a yak
  2974 | D:4      | Noticed a yak
  2980 | D:4      | Reached skill level 7 in Unarmed Combat
  3062 | D:4      | Killed a yak
  3063 | D:4      | Reached XP level 8. HP: 43/83 MP: 7/7
  3074 | D:4      | Reached skill level 8 in Unarmed Combat
  3354 | D:5      | Entered Level 5 of the Dungeon
  3366 | D:5      | Noticed Menkaure
  3373 | D:5      | Killed Menkaure
  3557 | D:5      | Noticed Ijyb
  3563 | D:5      | Killed Ijyb
  3615 | D:5      | Noticed Blork the orc
  3618 | D:5      | Found a staircase to the Ecumenical Temple.
  3623 | D:5      | Killed Blork the orc
  3624 | D:5      | Reached XP level 9. HP: 85/93 MP: 8/8
  3915 | D:5      | Found an ornate altar of the Wu Jian Council.
  4095 | D:6      | Reached skill level 9 in Unarmed Combat
  4237 | D:6      | Noticed Sigmund
  4243 | D:6      | Killed Sigmund
  4292 | D:6      | Found Xerynt's Antique Weapon Boutique.
  4669 | D:7      | Identified the +1 ring mail "Biful" {Str+2 Slay+2}
  4710 | D:7      | Reached skill level 10 in Unarmed Combat
  4745 | D:7      | HP: 4/97 [poisoned by a killer bee]
  5542 | D:8      | Reached XP level 10. HP: 93/107 MP: 9/9
  5683 | D:8      | Noticed Joseph
  5820 | D:8      | Killed Joseph
  5909 | D:8      | Reached skill level 11 in Unarmed Combat
  6036 | D:8      | Found an iron altar of Okawaru.
  6186 | D:8      | Found Suisaha's Book Shop.
  6218 | D:8      | Noticed Pikel
  6229 | D:8      | Killed Pikel
  6641 | D:9      | Found a blossoming altar of Fedhas.
  6662 | D:9      | Found a flagged portal.
  6669 | D:9      | Identified the +10 hand axe "Wucalaxa" {freeze, rElec}
  6673 | Bailey   | Entered a bailey
  6678 | Bailey   | Noticed an orc warlord
  6735 | Bailey   | Reached ***** piety under Trog
  7143 | Bailey   | Noticed an orc knight
  7154 | Bailey   | Killed an orc knight
  7155 | Bailey   | Reached skill level 10 in Fighting
  7213 | Bailey   | Found a runed translucent gate.
  7215 | Bailey   | Found a runed translucent gate.
  7217 | Bailey   | Found a runed translucent gate.
  7315 | Bailey   | Killed an orc warlord
  7316 | Bailey   | Reached skill level 12 in Unarmed Combat
  7459 | D:9      | Noticed Gastronok
  7471 | D:9      | Killed Gastronok
  7472 | D:9      | Reached XP level 11. HP: 80/119 MP: 10/10
  7480 | D:9      | HP: 5/178 [gnoll/+0 halberd[a gnoll sergeant] (8)]
  7480 | D:9      | HP: 2/178 [orc priest/+0 falchion (1)]
  7481 | D:9      | Slain by a gnoll

Illustrated notes

Levels and vault maps discovered:
D:1:      dpeg_arrival_pits, layout_basic, serial_shops,
          nicolae_shop_hallway_stairs
D:2:      layout_rooms
D:3:      layout_loops_ring, bloody_makhleb, portal_sewer_entry_b, uniq_robin,
          uniq_crazy_yiuf_cottage, uniq_jessica
D:4:      layout_loops_ring, lemuel_tele_altar,
          mainiacjoe_overflow_six_doors_small, gammafunk_ghost_mausoleum,
          serial_bayou_pond_b, minmay_manual_mares
D:5:      layout_basic, nicolae_overflow_hidden_temple,
          minmay_temple_entry_trees, uniq_ijyb, uniq_menkaure,
          uniq_blork_the_orc
D:6:      layout_cave_pools, serial_shops, nicolae_shop_window_shopping,
          uniq_sigmund
D:7:      layout_basic
D:8:      layout_gridville, okawaru_altar_gauntlet_db, serial_shops, shop,
          nicolae_water_bricks, uniq_joseph, uniq_pikel
D:9:      layout_stronghold, mainiacjoe_overflow_boulevard, erik_orc_4,
          enter_bailey_2, uniq_gastronok

Skill      XL: |  1  2  3  4  5  6  7  8  9 10 |
---------------+-------------------------------+-----
Fighting       | 3 4 5 6 7 9 10 | 10.6
Unarmed Combat | 4 5 6 7 8 10 12 | 12.5
Dodging        | |  2.4

Action                   |  1- 3 |  4- 6 |  7- 9 | 10-12 || total
-------------------------+-------+-------+-------+-------++-------
Melee: Unarmed           |    84 |   180 |   221 |   184 ||   669
       Punch             |       |     2 |     5 |    11 ||    18
Invok: Berserk           |       |     1 |     6 |     6 ||    13
       Trog's Hand       |       |       |     2 |     2 ||     4
       Brothers in Arms  |       |       |       |     1 ||     1
Evoke: Wand              |       |       |       |     5 ||     5
  Use: Scroll            |     3 |       |    11 |     1 ||    15
 Stab: Sleeping          |     1 |       |       |       ||     1
Armor: Animal skin       |    35 |    50 |    65 |    41 ||   191
       Skin              |       |       |       |     6 ||     6
Dodge: Dodged            |    49 |    85 |   120 |   100 ||   354

Table legend: (Time is in decaauts)
 A = Elapsed time spent in this place.
 B = Non-inter-level travel time spent in this place.
 C = Inter-level travel time spent in this place.
 D = Time resting spent in this place.
 E = Time spent auto-exploring this place.
 F = Levels seen in this place.
 G = Mean time per level.
                   A        B        C        D        E       F      G
               +--------+--------+--------+--------+--------+-----+--------+
         Total |   7596 |   7431 |    165 |   1297 |   4607 |  11 |  690.5 |
       Dungeon |   6351 |   6186 |    165 |    961 |   4199 |   9 |  705.7 |
         Sewer |    501 |    501 |      0 |     21 |    261 |   1 |  501.0 |
        Bailey |    744 |    744 |      0 |    314 |    146 |   1 |  744.0 |
               +--------+--------+--------+--------+--------+-----+--------+

Top non-repeatable levels by time:
     D:8: 1057 daAuts
     D:7: 1028 daAuts
     D:3: 961 daAuts
     D:1: 818 daAuts
     D:4: 752 daAuts
  Bailey: 744 daAuts
     D:5: 707 daAuts
   Sewer: 501 daAuts
     D:6: 439 daAuts
     D:2: 418 daAuts
     D:9: 167 daAuts
